 Dungeon Crawl Stone Soup version 0.21-a0-251-g5e8393f (webtiles) character file.

2512 roguesci the Skirmisher (level 9, -2/69 HPs)
             Began as a Demonspawn Skald on Sept 5, 2017.
             Was a Priest of Kikubaaqudgha.
             Slain by a two-headed ogre
             ... wielding a +0 dire flail
              (22 damage)
             ... on level 7 of the Dungeon.
             The game lasted 00:46:43 (10509 turns).

roguesci the Skirmisher (Demonspawn Skald)         Turns: 10509, Time: 00:46:45

Health: -2/69      AC: 13    Str: 12    XL:     9   Next: 28%
Magic:  4/17       EV: 13    Int: 17    God:    Kikubaaqudgha [***...]
Gold:   30         SH:  0    Dex: 17    Spells: 6/19 levels left

rFire    . . .     SeeInvis .   s - +2 short sword (speed)
rCold    + . .     Gourm    .   (no shield)
rNeg     + . .     Faith    .   J - +0 scale mail
rPois    +         Spirit   .   i - +1 helmet
rElec    .         Reflect  .   a - +2 cloak of Slovenliness {rN+}
rCorr    .         Harm     .   (no gloves)
MR       .....     Clarity  +   n - +0 pair of boots
Stlth    +.........             (no amulet)
HPRegen  0.21/turn              h - ring of protection from cold
MPRegen  0.15/turn              (no ring)

@: no status effects
A: hooves 1, agile 1, clarity, clever 1, poison resistance, sturdy frame 2
a: Receive Corpses, Renounce Religion


You were on level 7 of the Dungeon.
You worshipped Kikubaaqudgha.
Kikubaaqudgha was most pleased with you.
You were not hungry.

You visited 2 branches of the dungeon, and saw 9 of its levels.

You collected 334 gold pieces.
You spent 304 gold pieces at shops.

Inventory:

Hand Weapons
 s - a +2 short sword of speed (weapon)
 x - a +1 falchion of protection
 F - a +0 rapier of distortion
Missiles
 b - a throwing net
 f - 293 stones (quivered)
Armour
 a - the +2 cloak of Slovenliness (worn) {rN+}
   (You bought it in a shop on level 6 of the Dungeon)

   It protects you from negative energy.
 i - a +1 helmet (worn)
 n - a +0 pair of boots (worn)
 t - a scarf of repulsion
 H - a +0 large shield
 J - a +0 scale mail (worn)
Jewellery
 e - an uncursed ring of fire
 h - a ring of protection from cold (left hand)
Wands
 y - a wand of flame (7/48)
 B - a wand of flame (25/48)
 I - a wand of disintegration (13/24)
Scrolls
 o - a scroll of amnesia {unknown}
 u - 2 scrolls of magic mapping
 A - 2 scrolls of teleportation {unknown}
 C - a scroll of remove curse
 E - a scroll of noise {unknown}
 G - a scroll of blinking
Potions
 m - a potion of lignification
 p - a potion of curing
 q - a potion of ambrosia
 r - a potion of haste
Books
 c - a book of Battle

   Spells                             Type                      Level
   a - Infusion                       Charms                       1
   b - Shroud of Golubria             Charms/Translocation         2
   c - Song of Slaying                Charms                       2
   d - Spectral Weapon                Hexes/Charms                 3
   e - Regeneration                   Charms/Necromancy            3
 j - Kikubaaqudgha's Grimoire of Evil Secrets
   (Kikubaaqudgha gifted it to you on level 3 of the Dungeon)

   Spells                             Type                      Level
   a - Pain                           Necromancy                   1
   b - Corpse Rot                     Necromancy                   2
   c - Sublimation of Blood           Necromancy                   2
   d - Regeneration                   Charms/Necromancy            3
   e - Control Undead                 Necromancy                   4
 k - Kikubaaqudgha's Disquisition on Black Arts
   (Kikubaaqudgha gifted it to you on level 7 of the Dungeon)

   Spells                             Type                      Level
   a - Animate Dead                   Necromancy                   4
   b - Excruciating Wounds            Charms/Necromancy            5
   c - Cigotuvi's Embrace             Necromancy                   5
   d - Dispel Undead                  Necromancy                   5
   e - Simulacrum                     Ice/Necromancy               6
Comestibles
 d - 2 bread rations
 z - 2 royal jellies


   Skills:
 * Level 6.1 Fighting
   Level 2.6 Axes
 + Level 3.2 Armour
 * Level 5.6 Dodging
 + Level 3.8 Stealth
 * Level 5.7 Spellcasting
 - Level 3.0 Charms
 + Level 4.2 Necromancy


You had 6 spell levels left.
You knew the following spells:

 Your Spells              Type           Power        Failure   Level  Hunger
a - Infusion              Chrm           ###.         6%          1    None
b - Shroud of Golubria    Chrm/Tloc      ##........   19%         2    #......
c - Regeneration          Chrm/Necr      ###.......   16%         3    ##.....
d - Pain                  Necr           ###.         4%          1    None
e - Corpse Rot            Necr           N/A          6%          2    #......
f - Animate Dead          Necr           N/A          36%         4    ####...


Dungeon Overview and Level Annotations

Branches:
Dungeon (8/15)             Temple (1/1) D:6
   Lair: D:8-11

Altars:
Ashenzari
Dithmenos
Elyvilon
Fedhas
Gozag
Hepliaklqana
Kikubaaqudgha
Makhleb
Nemelex Xobeh
Okawaru
Qazlal
Ru
Sif Muna
Trog
Uskayaw
Vehumet
Wu Jian
Xom
Yredelemnul
The Shining One
Lugonu

Shops:
D:5 (   D:6 [(   D:7 ?

Annotations:
D:5 1 runed door
D:8 Erica


Innate Abilities, Weirdness & Mutations

You have large cloven feet.
Your movements are less encumbered by armour. (ER -4)
You are agile. (Dex +2)
You possess an exceptional clarity of mind.
Your mind is acute. (Int +2)
Your system is resistant to poisons. (rPois)


Message History

You barely miss the two-headed ogre.
The two-headed ogre is severely wounded.
Unknown command.
You hit the two-headed ogre.
The two-headed ogre is severely wounded.
The two-headed ogre closely misses you.
The two-headed ogre hits you with a giant club!
Your orc zombie hits the two-headed ogre.
Unknown command.
You puncture the two-headed ogre!
The two-headed ogre is almost dead.
The two-headed ogre hits you with a dire flail!
* * * LOW HITPOINT WARNING * * *
The two-headed ogre closely misses you.
There is a stone staircase leading up here.
You feel better.
The two-headed ogre completely misses you.
The two-headed ogre hits you with a giant club!!
You die...
Kikubaaqudgha rasps: "You have failed me!
Welcome... death!"

#.#####......#
#............#
######....Z..# #Z#...#.#
####.#####.# #...<# #.#
#.##.# #Z# #.##O#####.#
#J##.@.....# #.#####.####
#.# #.# #.# #.# #.# #.#
#.#####.######
############....#.......#
.......>.J.........####.#
###############.#### #.#


You could see a two-headed ogre and a friendly orc zombie.

Vanquished Creatures
  A hungry ghost (D:7)
  2 ogres
  3 phantoms
  4 centaurs
  A crocodile (D:7)
  A gnoll sergeant (D:7)
  3 bullfrogs
  2 scorpions
  A killer bee (D:5)
  A vampire bat (D:2)
  A howler monkey (D:4)
  A crimson imp (D:4)
  5 hounds
  A jelly (D:5)
  4 orc priests
  A bullfrog skeleton (D:7)
  A gnoll shaman (D:6)
  7 worker ants
  7 orc wizards
  Robin (D:3)
  6 gnolls
  5 adders
  2 shadow imps
  2 oozes
  2 adder skeletons
  2 worms
  2 dart slugs
  8 leopard geckos
  24 orcs
  7 bats
  3 bat skeletons (D:2)
  2 bat zombies (D:2)
  10 giant cockroaches
  14 goblins
  8 hobgoblins
  7 jackals
  10 kobolds
  4 quokkas
  6 frilled lizards
  A goblin zombie (D:4)
  4 hobgoblin zombies (D:4)
  3 kobold skeletons (D:4)
  2 kobold zombies (D:4)
  An orc skeleton (D:4)
  5 rats (D:2)
  A butterfly (D:5)
189 creatures vanquished.

Vanquished Creatures (collateral kills)
  A jelly (D:7)
1 creature vanquished.

Vanquished Creatures (others)
  A wizard (D:5)
  A bullfrog (D:6)
  A worker ant (D:6)
  A plant (D:1)
4 creatures vanquished.

Grand Total: 194 creatures vanquished

Notes
Turn   | Place    | Note
-------+----------+-------------------------------------------
     0 | D:1      | roguesci the Demonspawn Skald began the quest for the Orb.
     0 | D:1      | Reached XP level 1. HP: 16/16 MP: 3/3
    17 | D:1      | Reached skill level 1 in Armour
   168 | D:1      | Gained mutation: Your movements are slightly less encumbered by armour. (ER -2) [demonic ancestry]
   168 | D:1      | Reached XP level 2. HP: 21/22 MP: 5/5
  1436 | D:2      | Reached XP level 3. HP: 25/28 MP: 6/6
  1801 | D:2      | Found a deep blue altar of Sif Muna.
  1847 | D:2      | Noticed a scorpion
  1852 | D:2      | Learned a level 2 spell: Shroud of Golubria
  1859 | D:2      | Killed a scorpion
  1859 | D:2      | Reached skill level 1 in Stealth
  1859 | D:2      | Reached XP level 4. HP: 34/34 MP: 2/7
  1904 | D:2      | Learned a level 3 spell: Regeneration
  1935 | D:2      | Reached skill level 3 in Fighting
  1964 | D:2      | Found a blossoming altar of Fedhas.
  2020 | D:2      | Found an ancient bone altar of Kikubaaqudgha.
  2049 | D:2      | Became a worshipper of Kikubaaqudgha
  2089 | D:2      | Reached XP level 5. HP: 39/41 MP: 8/8
  2143 | D:3      | Noticed Robin
  2616 | D:3      | Killed Robin
  2846 | D:3      | Found a shadowy altar of Dithmenos.
  3321 | D:3      | Found a bloodstained altar of Trog.
  3347 | D:3      | Reached * piety under Kikubaaqudgha
  3347 | D:3      | Identified Kikubaaqudgha's Grimoire of Evil Secrets (Kikubaaqudgha gifted it to you on level 3 of the Dungeon)
  3347 | D:3      | Received a gift from Kikubaaqudgha
  3353 | D:3      | Learned a level 1 spell: Pain
  3918 | D:3      | Learned a level 2 spell: Corpse Rot
  3996 | D:4      | Noticed a phantom
  4099 | D:4      | Killed a phantom
  4099 | D:4      | Reached skill level 1 in Necromancy
  4099 | D:4      | Reached XP level 6. HP: 32/48 MP: 4/10
  4258 | D:4      | Found an opulent altar of Gozag.
  4530 | D:4      | Found a shattered altar of Ashenzari.
  4732 | D:4      | Reached skill level 4 in Fighting
  4738 | D:4      | Found a glowing golden altar of the Shining One.
  4758 | D:4      | Gained mutation: You have large cloven feet. [demonic ancestry]
  4758 | D:4      | Reached XP level 7. HP: 54/54 MP: 4/12
  5585 | D:5      | Entered Level 5 of the Dungeon
  5968 | D:5      | Found a hazy altar of Hepliaklqana.
  6067 | D:5      | Found a hide-covered altar of Uskayaw.
  6085 | D:5      | Reached ** piety under Kikubaaqudgha
  6326 | D:5      | Found a runed door.
  6367 | D:5      | Gained mutation: Your movements are less encumbered by armour. (ER -4) [demonic ancestry]
  6367 | D:5      | Reached XP level 8. HP: 58/61 MP: 10/14
  6532 | D:5      | Found a runed door.
  6632 | D:5      | Found a bloodstained altar of Trog.
  6633 | D:5      | Noticed a wizard
  6639 | D:5      | Killed a wizard
  6706 | D:5      | Found Utaner's Antique Weapon Shoppe.
  6953 | D:5      | Reached skill level 5 in Fighting
  7186 | D:6      | Found a staircase to the Ecumenical Temple.
  7281 | D:6      | Found Hotatz's Weapon Emporium.
  7400 | Temple   | Entered the Ecumenical Temple
  7870 | D:6      | Found Gival's Antique Armour Shoppe.
  7914 | D:6      | Reached skill level 5 in Dodging
  7914 | D:6      | Reached skill level 5 in Spellcasting
  8134 | D:6      | Gained mutation: You are dopey. (Int -2) [mutagenic glow]
  8182 | D:6      | Gained mutation: Your spells are a little easier to cast, but a little less powerful. [mutagenic glow]
  8234 | D:6      | Gained mutation: Your magical capacity is low. (-10% MP) [mutagenic glow]
  8342 | D:6      | Lost mutation: Your spells are a little easier to cast, but a little less powerful. [potion of mutation]
  8342 | D:6      | Lost mutation: You are dopey. (Int -2) [potion of mutation]
  8342 | D:6      | Lost mutation: Your magical capacity is low. (-10% MP) [potion of mutation]
  8342 | D:6      | Gained mutation: You are agile. (Dex +2) [potion of mutation]
  8342 | D:6      | Gained mutation: Your system is resistant to poisons. (rPois) [potion of mutation]
  8342 | D:6      | Gained mutation: Your mind is acute. (Int +2) [potion of mutation]
  8342 | D:6      | Gained mutation: You possess an exceptional clarity of mind. [potion of mutation]
  8679 | D:7      | Found Jitinneo's Magic Scroll Boutique.
  8771 | D:7      | Noticed a two-headed ogre
  8980 | D:7      | Reached XP level 9. HP: 58/69 MP: 16/16
  9164 | D:7      | Reached *** piety under Kikubaaqudgha
  9164 | D:7      | Identified Kikubaaqudgha's Disquisition on Black Arts (Kikubaaqudgha gifted it to you on level 7 of the Dungeon)
  9164 | D:7      | Received a gift from Kikubaaqudgha
  9337 | D:7      | Learned a level 4 spell: Animate Dead
  9362 | D:7      | Found a white marble altar of Elyvilon.
  9546 | D:7      | Reached skill level 6 in Fighting
  9565 | D:7      | Found a stormy altar of Qazlal.
  9662 | D:7      | Found a sparkling altar of Nemelex Xobeh.
 10172 | D:6      | Bought a warped cloak for 304 gold pieces
 10182 | D:6      | Identified the +2 cloak of Slovenliness {rN+} (You bought it in a shop on level 6 of the Dungeon)
 10317 | D:8      | Noticed Erica
 10317 | D:8      | Noticed a two-headed ogre
 10509 | D:7      | Slain by a two-headed ogre

Vault maps used:
D:1:      roderic_chinese_lattice_arrival, serial_forest,
          infiniplex_forest_lined_3, infiniplex_forest_straight_5,
          infiniplex_forest_clump_long, infiniplex_forest_clump_medium,
          infiniplex_forest_pool, infiniplex_forest_straight_4,
          infiniplex_forest_lined_room_3, infiniplex_forest_lined_corner,
          minmay_misc_feat_four_crosses, kennysheep_decorative_pillar
D:2:      marbit_many_paths, nicolae_overflow_hidden_temple,
          kennysheep_vampire_church, first_bread
D:3:      wad_pebble_path, lemuel_crystal_altar, old_standard_altar, uniq_robin
D:4:      kennysheep_mini_moat, ashenzari_conservatory_becter,
          nicolae_tso_besieged_by_evil
D:5:      lemuel_insect_pit, eat_drink_and_be_merry_uskayaw, kennysheep_mini,
          serial_shops, shop_fountains, trog_wizard
D:6:      minmay_temple_entry_large_hall, serial_shops,
          nicolae_shop_statue_plus, shop
D:7:      lemuel_coloured_pillars_altar, grunt_qazlal_sundering, serial_shops,
          kennysheep_little_box, basic_altar
D:8:      cheibriados_altar_1, serial_shops, shop, serial_glass,
          glass_columns_a, glass_columns_a, david_nohive_1,
          nicolae_ashenzari_panopticon, uniq_erica
Temple:   corrupted_temple

Skill      XL: |  1  2  3  4  5  6  7  8  9 |
---------------+----------------------------+-----
Armour         | 1 2 3 |  3.2
Dodging        | 2 3 4 5 |  5.6
Axes           | 2 |  2.6
Stealth        | 1 2 3 |  3.8
Fighting       | 3 4 5 6 |  6.1
Charms         | 3 |  3.0
Necromancy     | 1 2 3 4 |  4.2
Spellcasting   | 3 4 5 |  5.7

Action                   |  1- 3 |  4- 6 |  7- 9 || total
-------------------------+-------+-------+-------++-------
Melee: Hand axe          |   103 |       |       ||   103
       Short sword       |     7 |   292 |   388 ||   687
       Kick              |       |       |    41 ||    41
       Rapier            |       |       |   131 ||   131
Throw: Stone             |       |     5 |     2 ||     7
 Cast: Infusion          |     4 |     3 |     8 ||    15
       Shroud of Golubri |     1 |    25 |    40 ||    66
       Regeneration      |       |     4 |    19 ||    23
       Pain              |       |       |     4 ||     4
       Animate Dead      |       |       |     3 ||     3
Invok: Receive Corpses   |       |       |     2 ||     2
Evoke: Wand              |       |       |    10 ||    10
  Use: Potion            |     1 |       |    15 ||    16
       Scroll            |       |     3 |     3 ||     6
 Stab: Distracted        |     1 |       |       ||     1
       Sleeping          |     1 |     3 |     2 ||     6
  Eat: Chunk             |     3 |     7 |    17 ||    27
       Royal jelly       |       |     1 |     3 ||     4
       Bread ration      |       |     1 |       ||     1
       Meat ration       |       |       |     1 ||     1
Armor: Leather armour    |    31 |    46 |    64 ||   141
       Skin              |       |       |    64 ||    64
       Scale mail        |       |       |    77 ||    77
Dodge: Dodged            |    75 |   173 |   368 ||   616
       Deflected         |       |     1 |    10 ||    11

Table legend:
 A = Spawn XP
 B = Non-spawn XP
 C = Spawn XP percentage of total XP
 D = Spawn monster count
 E = Non-spawn monster count
 F = Spawn count percentage of total count
 G = Total turns spent on level
                    A         B        C        D         E        F      G
               +---------+---------+-------+---------+---------+-------+---------
         Total |     396 |    3193 |  11.0 |      23 |     168 |  12.0 | 10509
               +---------+---------+-------+---------+---------+-------+---------
           D:1 |       7 |      23 |  23.3 |       4 |      12 |  25.0 |  1118
           D:2 |      77 |     109 |  41.4 |       4 |      28 |  12.5 |  1446
           D:3 |      20 |     213 |   8.6 |       5 |      31 |  13.9 |  1609
           D:4 |       3 |     423 |   0.7 |       1 |      23 |   4.2 |  1513
           D:5 |       4 |    1072 |   0.4 |       1 |      42 |   2.3 |  1644
           D:6 |     193 |     463 |  29.4 |       5 |      11 |  31.2 |  1622
           D:7 |      92 |     744 |  11.0 |       3 |      19 |  13.6 |  1287
        Temple |       0 |     146 |   0.0 |       0 |       2 |   0.0 |   243
               +---------+---------+-------+---------+---------+-------+---------
